 Dungeon Crawl Stone Soup version 0.31-a0-981-geadf994542 (webtiles) character file.

Game seed: 7406294706093534377

3721 mattiecakes the Fighter (level 10, -6/64 HPs)
             Began as a Djinni Shapeshifter on Nov 1, 2023.
             Was an Initiate of Gozag.
             Mangled by an orc warrior
             ... wielding a +0 scimitar
              (16 damage)
             ... on level 8 of the Dungeon.
             The game lasted 00:28:29 (9174 turns).

mattiecakes the Fighter (Djinni Shapeshifter)       Turns: 9174, Time: 00:28:30

Health: -6/64      AC:  7    Str: 13    XL:     10   Next: 36%
Gold:   244        EV: 17    Int: 16    God:    Gozag SH:  0 Dex: 13

rFire   + +          .
                       - Unarmed
rCold   x . .        (no shield)
rNeg    . . .        v - melded +1 robe {rF+}
rPois   ∞            r - +0 helmet
rElec   .            (no cloak)
rCorr   .            p - +1 pair of gloves
SInv    .            (boots unavailable)
Will    +....        (no amulet)
Stlth   +            j - +5 ring of evasion
HPRegen 0.30/turn    o - +4 ring of protection
MPRegen 0.00/turn

%: infuse magic (-7 HP)
@: maw-form, flying
A: devouring maw, flying, reduced hp, sickness immunity, fire resistance 2, cold
vulnerability 1, float, innate caster, HP casting, extra vitality 1
a: Begin Untransformation, Renounce Religion, Potion Petition, Call Merchant,
Bribe Branch


You were on level 8 of the Dungeon.
You worshipped Gozag.
Gozag was aware of your devotion.
You were a creature with a mouth for a stomach.
You visited 2 branches of the dungeon, and saw 10 of its levels.

You collected 470 gold pieces.
You paid 226 gold pieces to Gozag.

Inventory:

Missiles
 t - a throwing net
Armour
 i - a +1 robe of cold resistance
 m - the +2 scale mail of Kyhep {rF+ Str+2 Int+3 Dex-3}
   (You found it on level 2 of the Dungeon)

   Str+2:     It affects your strength (+2).
   Int+3:     It affects your intelligence (+3).
   Dex-3:     It affects your dexterity (-3).
   rF+:       It protects you from fire.
 p - a +1 pair of gloves (worn)
 r - a +0 helmet (worn)
 v - a +1 robe of fire resistance (melded)
Jewellery
 b - a ring of resist corrosion
 j - a +5 ring of evasion (left hand)
 o - a +4 ring of protection (right hand)
Talismans
 c - a beast talisman
 d - a flux talisman
 u - a maw talisman (active)
Wands
 f - a wand of iceblast (4)
 g - a wand of flame (22)
Scrolls
 a - a scroll of brand weapon
 e - 2 scrolls of immolation
 h - a scroll of enchant armour
 n - 11 scrolls of identify
 q - a scroll of vulnerability
 s - 3 scrolls of revelation
 y - a scroll of enchant weapon
Potions
 k - 4 potions of curing
 l - a potion of enlightenment
 x - a potion of might


   Skills:
 - Level 9.3 Fighting
 - Level 5.5 Armour
 - Level 2.1 Dodging
 - Level 3.0 Unarmed Combat
 + Level 8.2 Shapeshifting


You knew the following spells:

 Your Spells              Type           Power      Damage    Failure   Level
a - Summon Small Mammal   Summ           0%         N/A       26%         1
b - Searing Ray           Conj           0%         2d4       36%         2
c - Mephitic Cloud        Conj/Pois/Air  0%         N/A       58%         3
d - Airstrike             Air            0%         2d(0-16)  94%         4
Your spell library was empty.

Dungeon Overview and Level Annotations

Branches:
Dungeon (9/15)             Temple (1/1) D:6
   Lair: D:8-11         Orc: D:9-12

Altars:
Cheibriados
Dithmenos
Elyvilon
Fedhas
Gozag
Hepliaklqana
Makhleb
Nemelex Xobeh
Okawaru
Qazlal
Ru
Trog
Xom
Yredelemnul
Zin
The Shining One


Innate Abilities, Weirdness & Mutations

You are a creature with a mouth for a stomach.
Your midsection houses a second, enormous mouth.
You are flying.
Your maximum health is decreased, since you lack skill for your form.
You are immune to sickness and miasma.
You are immune to poison.
Your flesh is very heat resistant. (rF++)
You are vulnerable to cold. (rC-)
You float through the air rather than walking.
You learn spells naturally, not from books.
Your magical power is your life essence.
You have superior vitality. (+4 MHP)


Message History

The orc warrior is moderately wounded.
The orc warrior misses you.
You hit the orc warrior.
The orc warrior is heavily wounded.
The orc warrior closely misses you.
You hit the orc warrior.
You bite the orc warrior, but do no damage.
The orc warrior is heavily wounded.
The orc warrior misses you.
You punch the orc warrior! Your bite misses the orc warrior.
The orc warrior is severely wounded.
The orc warrior barely misses you.
You completely miss the orc warrior. Your bite misses the orc warrior.
The orc warrior is severely wounded.
The orc warrior misses you.
You hit the orc warrior but do no damage.
The orc warrior is severely wounded.
The orc warrior hits you with a +0 scimitar!
You barely miss the orc warrior. Your bite misses the orc warrior.
The orc warrior is severely wounded.
The orc warrior closely misses you.
You barely miss the orc warrior. You bite the orc warrior.
The orc warrior is almost dead.
The orc warrior misses you.
You hit the orc warrior but do no damage.
Your bite misses the orc warrior.
The orc warrior is almost dead.
The orc warrior hits you with a +0 scimitar!
* * * LOW HITPOINT WARNING * * *
You barely miss the orc warrior.
You bite the orc warrior, but do no damage.
The orc warrior is almost dead.
The orc warrior hits you with a +0 scimitar!
* * * LOW HITPOINT WARNING * * *
You hit the orc warrior but do no damage.
You bite the orc warrior, but do no damage.
The orc warrior is almost dead.
The orc warrior hits you with a +0 scimitar!
You die...
Your body crumbles into a pile of gold.

###..# # # #..###
## # #..#.##### #.
####...##..# ####
## ....#####..#
##..# #
..#.####...# #..##
# .##..#.....# #.##
#
###.#...########.#
#### #
##.#####...>.#W#
#..# # #..#
##.....o## #####..
###..####.#....#.##
#......
.#....#..###..##..#
####... ......####
####...# ###.
#..#### ###
###.##### ###. ...#
#.# ##.#.##>##
####... ...# ##.#
#..####..####......
...# #..###.###
##......#####


You could see an orc warrior.

Vanquished Creatures
  Erica (D:8)
  Psyche (D:8)
  An unseen horror (D:8)
  A hornet (D:8)
  Grinder (D:5)
  A wyvern (D:8)
  Duvessa (D:7)
  An acid dragon (D:8)
  An ice beast (D:5)
  A sky beast (D:7)
  3 orc warriors
  An ogre (D:5)
  A centaur (D:6)
  2 phantoms
  A kobold brigand (D:8)
  A bullfrog (D:6)
  Dowan (D:7)
  2 howler monkeys
  2 hounds
  5 orc priests
  2 jellies
  2 gnoll boudas
  2 sleepcaps
  Jessica (D:2)
  An iguana (D:6)
  6 orc wizards
  4 adders
  9 gnolls
  3 white imps
  A worm (D:5)
  7 dart slugs
  23 orcs
  6 endoplasms
  A giant cockroach (D:4)
  8 goblins
  8 hobgoblins
  4 jackals (D:1)
  3 quokkas
  5 ball pythons
  4 bats
  6 frilled lizards
  9 kobolds
  6 rats
150 creatures vanquished.

Notes
Turn   | Place    | Note
-------+----------+-------------------------------------------
     0 | D:1      | mattiecakes the Djinni Shapeshifter began the quest for the
                  | Orb.
     0 | D:1      | Reached XP level 1. HP: 17/17 MP: 0/0
   119 | D:1      | Reached XP level 2. HP: 15/22 MP: 0/0
   196 | D:1      | Found a faded altar of an unknown god.
   485 | D:1      | Reached skill level 2 in Fighting
   532 | D:1      | Reached XP level 3. HP: 17/28 MP: 0/0
   532 | D:1      | Learned a level 1 spell: Summon Small Mammal
  1283 | D:2      | Reached XP level 4. HP: 21/34 MP: 0/0
  1298 | D:2      | Noticed Jessica
  1309 | D:2      | Killed Jessica
  1481 | D:2      | Identified the +2 scale mail of Kyhep {rF+ Str+2 Int+3
                  | Dex-3}
  1694 | D:3      | Reached skill level 3 in Fighting
  1964 | D:3      | You are sucked into a shaft and drop 1 floor!
  1964 | D:4      | Identified the of Varoig
  1992 | D:4      | Reached XP level 5. HP: 15/40 MP: 0/0
  1992 | D:4      | Learned a level 2 spell: Searing Ray
  2027 | D:4      | Reached XP level 6. HP: 39/47 MP: 0/0
  2037 | D:4      | Reached skill level 4 in Fighting
  3251 | D:5      | Entered Level 5 of the Dungeon
  3275 | D:5      | Reached XP level 7. HP: 41/53 MP: 0/0
  3275 | D:5      | Learned a level 3 spell: Mephitic Cloud
  3308 | D:5      | Found a sacrificial altar of Ru.
  3384 | D:5      | Noticed Grinder
  3402 | D:5      | Killed Grinder
  3403 | D:5      | Reached skill level 5 in Fighting
  3403 | D:5      | Reached skill level 5 in Shapeshifting
  4249 | D:6      | Reached XP level 8. HP: 46/61 MP: 0/0
  4307 | D:6      | Reached skill level 6 in Fighting
  5001 | D:6      | Found a staircase to the Ecumenical Temple.
  5122 | D:6      | Found an iron altar of Okawaru.
  5429 | D:7      | Reached skill level 7 in Fighting
  5598 | D:7      | Identified the +1 scale mail "Kynk" {rF- Str+4}
  5628 | D:7      | Reached XP level 9. HP: 63/68 MP: 0/0
  5628 | D:7      | Learned a level 4 spell: Airstrike
  6045 | D:7      | Noticed Dowan
  6046 | D:7      | Noticed Duvessa
  6086 | D:7      | Killed Duvessa
  6117 | D:7      | Reached skill level 8 in Fighting
  6144 | D:7      | Killed Dowan
  6931 | D:8      | Noticed Erica
  6956 | D:8      | Killed Erica
  6957 | D:8      | Reached skill level 9 in Fighting
  7125 | D:8      | Noticed an unseen horror
  7178 | D:8      | Killed an unseen horror
  7179 | D:8      | Reached XP level 10. HP: 27/78 MP: 0/0
  8002 | D:8      | Noticed Psyche
  8010 | D:8      | Killed Psyche
  8011 | D:8      | Reached skill level 5 in Armour
  9074 | Temple   | Entered the Ecumenical Temple
  9078 | Temple   | Became a worshipper of Gozag Ym Sagoz the Greedy
  9174 | D:8      | Mangled by an orc warrior

Illustrated notes

Levels and vault maps discovered:
D:1:      minmay_arrival_radiant_lines, layout_basic,
          shapermc_ecumenical_altar_mp_ritualfount, kennysheep_minor_cross
D:2:      layout_basic, uniq_jessica
D:3:      layout_loops_cross
D:4:      layout_rooms
D:5:      layout_cave_pods, hangedman_ru_absence, uniq_grinder
D:6:      layout_basic, mainiacjoe_overflow_brackets,
          minmay_temple_entry_crystal_x, minmay_gold_behind_fungi
D:7:      layout_loops_ring, kennysheep_generic_room_13, uniq_duvessa
D:8:      layout_layer_cave, uniq_erica, uniq_psyche
D:9:      layout_rooms, mainiacjoe_overflow_boulevard, ashenzari_altar_1,
          nzn_wu_jian_contemplation
Temple:   nicolae_temple_x_marks_the_god

Skill      XL: |  1  2  3  4  5  6  7  8  9 10 |
---------------+-------------------------------+-----
Shapeshifting  | 3 4 5 6 8 |  8.2
Fighting       | 2 3 4 5 7 9 |  9.3
Armour         | 5 |  5.5
Dodging        | |  2.1
Unarmed Combat | |  3.0

Action                     |  1- 3 |  4- 6 |  7- 9 | 10-12 || total
---------------------------+-------+-------+-------+-------++-------
  Melee: Unarmed           |   109 |   199 |   308 |   118 ||   734
         Punch             |     1 |       |       |     2 ||     3
         Maw               |       |       |       |     8 ||     8
   Cast: Summon Small Mamm |       |     2 |     4 |       ||     6
         Searing Ray       |       |       |     6 |       ||     6
  Evoke: Wand              |       |       |       |     1 ||     1
    Use: Scroll            |       |     8 |     3 |     2 ||    13
         Potion            |       |     7 |     2 |     2 ||    11
 Armour: Animal skin       |    65 |     5 |       |       ||    70
         Robe              |       |   141 |   203 |    43 ||   387
         Skin              |       |    73 |       |     9 ||    82
  Dodge: Dodged            |    73 |   145 |   198 |    88 ||   504
   Form: Flux              |     1 |     1 |       |       ||     2
                           |       |     1 |       |       ||     1
         Maw               |       |       |       |     1 ||     1

Table legend: (Time is in decaauts)
 A = Elapsed time spent in this place.
 B = Non-inter-level travel time spent in this place.
 C = Inter-level travel time spent in this place.
 D = Time resting spent in this place.
 E = Time spent auto-exploring this place.
 F = Levels seen in this place.
 G = Mean time per level.
                   A        B        C        D        E       F      G
               +--------+--------+--------+--------+--------+-----+--------+
         Total |   9140 |   8667 |    473 |   1478 |   5577 |  10 |  914.0 |
       Dungeon |   9131 |   8659 |    472 |   1478 |   5577 |   9 | 1014.6 |
        Temple |      8 |      8 |      0 |      0 |      0 |   1 |    8.0 |
               +--------+--------+--------+--------+--------+-----+--------+

Top non-repeatable levels by time:
     D:8: 1938 daAuts
     D:7: 1756 daAuts
     D:6: 1148 daAuts
     D:5: 1025 daAuts
     D:3: 944 daAuts
     D:1: 886 daAuts
     D:2: 793 daAuts
     D:4: 616 daAuts
     D:9: 22 daAuts
  Temple: 8 daAuts
